ITL
LOUISVILLE BATS @ INDIANA HOUNDS
04/08/2028
 
TOP OF THE 1ST
Louisville Bats batting - Pitching for Indiana Hounds : RHP Rob Hill
Pitching: RHP Rob Hill
Batting: RHB Eric Thompson 0-0: Ball
1-0: Ground out 6-3 (Groundball, 6)
Batting: LHB Alex Henderson 0-0: Fly out, F8 (Flyball, 8RS)
Batting: RHB Hunter Plunket 0-0: Ball
1-0: Fly out, F7 (Flyball, 7S)
Top of the 1st over - 0 run(s), 0 hit(s), 0 error(s), 0 left on base; Louisville 0 - Indiana 0
BOTTOM OF THE 1ST
Indiana Hounds batting - Pitching for Louisville Bats : LHP Matt Parker
Pitching: LHP Matt Parker
Batting: RHB Javier Martínez 0-0: Ground out 6-3 (Groundball, 6)
Batting: SHB Charles Alexander 0-0: Ball
1-0: Ground out 6-3 (Groundball, 6)
Batting: RHB Bob Lazzeri 0-0: Ball
1-0: Foul Ball, location: 2F
1-1: Ground out 5-3 (Groundball, 5S)
Bottom of the 1st over - 0 run(s), 0 hit(s), 0 error(s), 0 left on base; Louisville 0 - Indiana 0
TOP OF THE 2ND
Louisville Bats batting - Pitching for Indiana Hounds : RHP Rob Hill
Batting: RHB Shawn Marshall 0-0: Swinging Strike
0-1: Ground out 6-3 (Groundball, 6)
Batting: RHB John Denton 0-0: Swinging Strike
0-1: Ball
1-1: Foul Ball, location: 2F
1-2: Foul Ball, location: 2F
1-2: Foul Ball, location: 2F
1-2: Ball
2-2: Foul Ball, location: 2F
2-2: Ball
3-2: SOLO HOME RUN (Flyball, 7LD), Distance : 309 ft
Batting: RHB Dick Slagboom 0-0: Foul Ball, location: 2F
0-1: Foul Ball, location: 2F
0-2: Ball
1-2: Ball
2-2: Ball
3-2: Ground out 6-3 (Groundball, 6)
Batting: RHB William Farmer 0-0: Ball
1-0: Foul Ball, location: 2F
1-1: Swinging Strike
1-2: Foul Ball, location: 2F
1-2: Foul Ball, location: 2F
1-2: Foul Ball, location: 2F
1-2: Fly out, F8 (Flyball, 8RM)
Top of the 2nd over - 1 run(s), 1 hit(s), 0 error(s), 0 left on base; Louisville 1 - Indiana 0
BOTTOM OF THE 2ND
Indiana Hounds batting - Pitching for Louisville Bats : LHP Matt Parker
Batting: LHB Ramón Benítez 0-0: Called Strike
0-1: Ball
1-1: Ground out 3-1 (Groundball, 34)
Batting: RHB Jeff Jones 0-0: Fly out, F8 (Flyball, 89D)
Batting: RHB Danny Walker 0-0: Foul Ball, location: 2F
0-1: Fly out, F4 (Popup, 4)
Bottom of the 2nd over - 0 run(s), 0 hit(s), 0 error(s), 0 left on base; Louisville 1 - Indiana 0
TOP OF THE 3RD
Louisville Bats batting - Pitching for Indiana Hounds : RHP Rob Hill
Batting: RHB Jesús Cabrera 0-0: Ball
1-0: Ball
2-0: Called Strike
2-1: Ball
3-1: Foul Ball, location: 2F
3-2: SINGLE (Groundball, 6MD)
Batting: LHB John Latham 0-0: Ball
1-0: Ball
Jesús Cabrera steals 2nd base
2-0: Fly out, F9 (Flyball, 9S)
Batting: RHB Eric Thompson 0-0: Ball
Jesús Cabrera steals 3rd base
1-0: Foul Ball, location: 2F
1-1: Fly out, F4 (Popup, 34)
Batting: LHB Alex Henderson 0-0: Ball
1-0: Ground out 4-3 (Groundball, 4)
Top of the 3rd over - 0 run(s), 1 hit(s), 0 error(s), 1 left on base; Louisville 1 - Indiana 0
BOTTOM OF THE 3RD
Indiana Hounds batting - Pitching for Louisville Bats : LHP Matt Parker
Batting: LHB Dave Helásquez 0-0: Fly out, F8 (Line Drive, 78D)
Batting: LHB Pete Carter 0-0: Called Strike
0-1: Swinging Strike
0-2: Strikes out swinging
Batting: RHB Octávio Marín 0-0: Called Strike
0-1: Ball
1-1: Swinging Strike
1-2: Ball
2-2: Ball
3-2: Ground out 6-3 (Groundball, 6)
Bottom of the 3rd over - 0 run(s), 0 hit(s), 0 error(s), 0 left on base; Louisville 1 - Indiana 0
TOP OF THE 4TH
Louisville Bats batting - Pitching for Indiana Hounds : RHP Rob Hill
Batting: RHB Hunter Plunket 0-0: Ground out 6-3 (Groundball, 6)
Batting: RHB Shawn Marshall 0-0: Ball
1-0: Ball
2-0: Foul Ball, location: 2F
2-1: Foul Ball, location: 2F
2-2: Foul Ball, location: 2F
2-2: SOLO HOME RUN (Flyball, 78XD), Distance : 393 ft
Batting: RHB John Denton 0-0: SINGLE (Groundball, 6D)
Batting: RHB Dick Slagboom 0-0: Ball
1-0: Called Strike
1-1: Swinging Strike
1-2: Strikes out swinging
Batting: RHB William Farmer 0-0: Foul Ball, location: 2F
0-1: Ball
1-1: Ground out 4-3 (Groundball, 34)
Top of the 4th over - 1 run(s), 2 hit(s), 0 error(s), 1 left on base; Louisville 2 - Indiana 0
BOTTOM OF THE 4TH
Indiana Hounds batting - Pitching for Louisville Bats : LHP Matt Parker
Batting: RHB Javier Martínez 0-0: Ball
1-0: Foul Ball, location: 2F
1-1: Ball
2-1: SINGLE (Groundball, 6MD)
Batting: SHB Charles Alexander 0-0: Called Strike
0-1: Ball
1-1: Swinging Strike
1-2: Foul Ball, location: 2F
1-2: Ball
2-2: Grounds into double play, 4-6-3 (Groundball, 4)
Batting: RHB Bob Lazzeri 0-0: Ground out 4-3 (Groundball, 4)
Bottom of the 4th over - 0 run(s), 1 hit(s), 0 error(s), 0 left on base; Louisville 2 - Indiana 0
TOP OF THE 5TH
Louisville Bats batting - Pitching for Indiana Hounds : RHP Rob Hill
Batting: RHB Jesús Cabrera 0-0: Ball
1-0: Swinging Strike
1-1: Ball
2-1: Ground out 6-3 (Groundball, 6)
Batting: LHB John Latham 0-0: Ball
1-0: Called Strike
1-1: Ball
2-1: Foul Ball, location: 2F
2-2: Strikes out swinging
Batting: RHB Eric Thompson 0-0: Swinging Strike
0-1: Ball
1-1: Called Strike
1-2: Ball
2-2: Ball
3-2: Ground out 5-3 (Groundball, 56S)
Top of the 5th over - 0 run(s), 0 hit(s), 0 error(s), 0 left on base; Louisville 2 - Indiana 0
BOTTOM OF THE 5TH
Indiana Hounds batting - Pitching for Louisville Bats : LHP Matt Parker
Batting: LHB Ramón Benítez 0-0: Swinging Strike
0-1: Swinging Strike
0-2: Strikes out looking
Batting: RHB Jeff Jones 0-0: Ball
1-0: Foul Ball, location: 2F
1-1: Called Strike
1-2: Ball
2-2: Foul Ball, location: 2F
2-2: Foul Ball, location: 2F
2-2: Foul Ball, location: 2F
2-2: Ball
3-2: Reached on error, E6 (Groundball, 6)
Batting: RHB Danny Walker 0-0: Ball
1-0: Ball
2-0: Called Strike
2-1: Swinging Strike
2-2: Ball
3-2: Strikes out swinging
Batting: LHB Dave Helásquez 0-0: Called Strike
0-1: Ball
1-1: Foul Ball, location: 2F
1-2: Ground out 4-3 (Groundball, 34)
Bottom of the 5th over - 0 run(s), 0 hit(s), 1 error(s), 1 left on base; Louisville 2 - Indiana 0
TOP OF THE 6TH
Louisville Bats batting - Pitching for Indiana Hounds : RHP Rob Hill
Batting: LHB Alex Henderson 0-0: Called Strike
0-1: Ball
1-1: SOLO HOME RUN (Flyball, 9D), Distance : 367 ft
Batting: RHB Hunter Plunket 0-0: Called Strike
0-1: Ground out U3 (Groundball, 23)
Batting: RHB Shawn Marshall 0-0: Ball
1-0: Swinging Strike
1-1: Foul Ball, location: 2F
1-2: Ground out 5-3 (Groundball, 56S)
Batting: RHB John Denton 0-0: Ball
1-0: Foul Ball, location: 2F
1-1: Called Strike
1-2: Ball
2-2: Ball
3-2: Base on Balls
Batting: RHB Dick Slagboom 0-0: Ball
1-0: Foul Ball, location: 2F
1-1: Ball
2-1: Foul Ball, location: 2F
2-2: DOUBLE (Line Drive, 9LS)
John Denton to third
John Denton scores
Batting: RHB William Farmer 0-0: Called Strike
0-1: Swinging Strike
0-2: Strikes out swinging
Top of the 6th over - 2 run(s), 2 hit(s), 0 error(s), 1 left on base; Louisville 4 - Indiana 0
BOTTOM OF THE 6TH
Indiana Hounds batting - Pitching for Louisville Bats : LHP Matt Parker
Batting: LHB Pete Carter 0-0: Ball
1-0: Ball
2-0: Ball
3-0: Swinging Strike
3-1: Foul Ball, location: 2F
3-2: Foul Ball, location: 2F
3-2: Strikes out swinging, 2-3 out at first.
Batting: RHB Octávio Marín 0-0: Called Strike
0-1: Ball
1-1: Ball
2-1: Ground out 1-3 (Groundball, 13S)
Batting: RHB Javier Martínez 0-0: Swinging Strike
0-1: Called Strike
0-2: Foul Ball, location: 2F
0-2: Ball
1-2: Strikes out looking
Bottom of the 6th over - 0 run(s), 0 hit(s), 0 error(s), 0 left on base; Louisville 4 - Indiana 0
TOP OF THE 7TH
Louisville Bats batting - Pitching for Indiana Hounds : RHP Rob Hill
Pitching: RHP Manuel Ferreira
Batting: RHB Jesús Cabrera 0-0: DOUBLE (Line Drive, 8LD)
Batting: LHB John Latham 0-0: Ball
1-0: Ball
Jesús Cabrera steals 3rd base
2-0: SINGLE (Line Drive, 89M)
Jesús Cabrera scores
Batting: RHB Eric Thompson 0-0: Called Strike
0-1: Ball
1-1: Ball
2-1: Ball
3-1: Base on Balls
John Latham to second
Batting: LHB Alex Henderson 0-0: Called Strike
0-1: Foul Ball, location: 2F
0-2: Strikes out swinging
Batting: RHB Hunter Plunket 0-0: Called Strike
John Latham steals 3rd base
Eric Thompson to second
0-1: SINGLE (Groundball, 56D)
John Latham scores
Eric Thompson to third
Runner from 3rd tries for Home, SAFE, no throw
Pitching: RHP Porter Warren
Batting: RHB Shawn Marshall 0-0: Called Strike
0-1: Swinging Strike
0-2: Strikes out swinging
Batting: RHB John Denton 0-0: Ball
1-0: Foul Ball, location: 2F
1-1: SINGLE (Line Drive, 78S)
Hunter Plunket to second
Batting: RHB Dick Slagboom 0-0: Foul Ball, location: 2F
0-1: Swinging Strike
0-2: Ball
1-2: Ball
2-2: Fielders Choice at 2nd, 4-6 (Groundball, 4)
Top of the 7th over - 3 run(s), 4 hit(s), 0 error(s), 1 left on base; Louisville 7 - Indiana 0
BOTTOM OF THE 7TH
Indiana Hounds batting - Pitching for Louisville Bats : LHP Matt Parker
Batting: SHB Charles Alexander 0-0: Ball
1-0: Ball
2-0: Fly out, F9 (Flyball, 9LS)
Batting: RHB Bob Lazzeri 0-0: Foul Ball, location: 2F
0-1: Foul Ball, location: 2F
0-2: Foul Ball, location: 2F
0-2: Strikes out swinging
Batting: LHB Ramón Benítez 0-0: Ball
1-0: Swinging Strike
1-1: Called Strike
1-2: Ground out 6-3 (Groundball, 6M)
Bottom of the 7th over - 0 run(s), 0 hit(s), 0 error(s), 0 left on base; Louisville 7 - Indiana 0
TOP OF THE 8TH
Louisville Bats batting - Pitching for Indiana Hounds : RHP Porter Warren
Batting: RHB William Farmer 0-0: Ball
1-0: Ball
2-0: Ball
3-0: Called Strike
3-1: Base on Balls
Batting: RHB Jesús Cabrera 0-0: Ball
1-0: Grounds into double play, 6-4-3 (Groundball, 6)
Batting: LHB John Latham 0-0: Ball
1-0: Ball
2-0: Ground out 1-3 (Groundball, 15)
Top of the 8th over - 0 run(s), 0 hit(s), 0 error(s), 0 left on base; Louisville 7 - Indiana 0
BOTTOM OF THE 8TH
Indiana Hounds batting - Pitching for Louisville Bats : LHP Matt Parker
Batting: RHB Jeff Jones 0-0: Called Strike
0-1: Foul Ball, location: 2F
0-2: Ball
1-2: Ground out 5-3 (Groundball, 56)
Pinch Hitting: RHB Doug Murray 0-0: Ball
1-0: Ball
2-0: Fly out, F7 (Flyball, 78M)
Batting: LHB Dave Helásquez 0-0: Swinging Strike
0-1: Ball
1-1: SINGLE (Line Drive, 7S)
Batting: LHB Pete Carter 0-0: Ball
1-0: Fly out, F7 (Flyball, 7S)
Bottom of the 8th over - 0 run(s), 1 hit(s), 0 error(s), 1 left on base; Louisville 7 - Indiana 0
TOP OF THE 9TH
Louisville Bats batting - Pitching for Indiana Hounds : RHP Porter Warren
Now in LF: Doug Murray
Batting: RHB Eric Thompson 0-0: Swinging Strike
0-1: Ball
1-1: Ground out 5-3 (Groundball, 56)
Batting: LHB Alex Henderson 0-0: Foul Ball, location: 2F
0-1: Ground out 3-1 (Groundball, 34)
Pinch Hitting: SHB Bob Warren 0-0: SINGLE (Groundball, 4S) (infield hit)
Batting: RHB Shawn Marshall 0-0: Ball
1-0: Foul Ball, location: 2F
1-1: Ball
2-1: Called Strike
2-2: Ball
3-2: Base on Balls
Bob Warren to second
Batting: RHB John Denton 0-0: Ball
1-0: DOUBLE (Line Drive, 8RXD)
Bob Warren scores
Shawn Marshall to third
Runner from 3rd tries for Home, SAFE, no throw
Batting: RHB Dick Slagboom 0-0: Fly out, F9 (Flyball, 9)
Top of the 9th over - 2 run(s), 2 hit(s), 0 error(s), 1 left on base; Louisville 9 - Indiana 0
BOTTOM OF THE 9TH
Indiana Hounds batting - Pitching for Louisville Bats : LHP Matt Parker
Now in LF: Bob Warren
Batting: RHB Octávio Marín 0-0: Ground out 5-3 (Groundball, 56S)
Batting: RHB Javier Martínez 0-0: Called Strike
0-1: Ball
1-1: Ball
2-1: Fly out, F3 (Popup, 34)
Batting: SHB Charles Alexander 0-0: Ball
1-0: Ball
2-0: Foul Ball, location: 2F
2-1: Ball
3-1: Base on Balls
Pitching: LHP Sergio Vargas
Batting: RHB Bob Lazzeri 0-0: Called Strike
0-1: Ball
1-1: Ball
2-1: Ball
3-1: Called Strike
3-2: Ground out 6-3 (Groundball, 6)
Bottom of the 9th over - 0 run(s), 0 hit(s), 0 error(s), 1 left on base; Louisville 9 - Indiana 0
Tuesday, August 8th, 2017 - OOTP Baseball 17.12 Build 75